Map: Disco Bloodbath LE

Players

SortOf - Winner!

  • Race: Zerg Zerg
  • League: Master
  • Spawn Location: 3:00

soul

  • Race: Terran Terran
  • League: Grandmaster
  • Spawn Location: 9:00

Event: NationWars 2019

VOD

Have the link to the VOD?

Description

Time

  • Played on: Oct. 13, 2019, 12:05 p.m.
  • Length: 29:15
Show
View Real Time Build Order
Export as new Build Order

SortOf Zerg - Winner!

Build Orders: Hatch First 

Get SALT Encoding   

  12  0:00  Drone  
  13  0:12  Overlord  
  13  0:17  Drone  
  14  0:30  Drone x2  
  16  0:47  Hatchery  
  15  0:51  Drone  
  15  0:55  Drone  
  17  0:59  Drone  
  18  1:09  Extractor  
  17  1:13  Spawning Pool  
  17  1:16  Drone  
  17  1:19  Drone  
  18  1:29  Drone  
  19  1:38  Drone  
  20  1:49  Overlord  
  20  2:00  Queen x2  
  20  2:01  Zergling x4  
  26  2:10  Drone  
  26  2:11  Drone  
  28  2:22  Hatchery  
  27  2:25  Drone  
  27  2:27  Drone  
  29  2:35  Pneumatized Carapace  
  29  2:36  Drone  
  31  2:37  Drone  
  31  2:43  Overlord  
  31  2:51  Drone  
  32  2:53  Queen  
  32  2:55  Drone  
  35  2:59  Metabolic Boost  
  35  3:01  Drone  
  35  3:04  Drone  
  37  3:11  Drone x3  
  40  3:15  Overlord  
  40  3:20  Queen  
  40  3:25  Drone  
  43  3:33  Drone x2, Queen  
  47  3:36  Drone  
  47  3:39  Zergling x4  
  50  3:43  Queen  
  52  3:50  Drone  
  52  3:52  Overlord  
  52  3:53  Drone  
  54  3:57  Zergling x4  
  56  4:05  Drone x2  
  56  4:08  Overlord x2  
  58  4:12  Spore Crawler, Queen  
  59  4:20  Drone x3  
  59  4:21  Drone x3  
  65  4:26  Zergling x4  
  65  4:30  Drone  
  68  4:33  Drone  
  68  4:35  Evolution Chamber x2  
  68  4:37  Drone x2  
  69  4:46  Overlord  
  69  4:49  Drone x2  
  69  4:50  Zergling x4  
  73  4:54  Drone  
  74  5:04  Zerg Melee Weapons Level 1, Zerg Ground Armor Level 1  
  74  5:07  Zergling x14  
  75  5:18  Drone x5  
  67  5:23  Drone x2  
  67  5:28  Drone x3  
  68  5:35  Overlord  
  68  5:36  Lair  
  68  5:39  Drone  
  68  5:42  Drone  
  70  5:44  Drone  
  71  5:52  Overlord  
  71  5:57  Baneling Nest  
  71  5:58  Drone x4  
  71  6:03  Extractor  
  71  6:04  Drone x5, Extractor  
  78  6:08  Drone  
  78  6:09  Drone x3  
  81  6:13  Drone x4  
  85  6:22  Drone x2, Extractor x2  
  85  6:24  Hatchery  
  83  6:35  Drone x2  
  83  6:36  Drone x2  
  83  6:37  Overlord  
  83  6:39  Zergling x12  
  93  6:40  Centrifical Hooks  
  93  6:44  Overlord  
  93  6:48  Overseer  
  93  6:49  Baneling  
  93  6:50  Zergling x10  
  98  7:03  Zergling x8, Hydralisk Den  
  98  7:06  Zergling x6  
  98  7:07  Hatchery  
  103  7:10  Baneling x6  
  103  7:14  Zergling x10  
  108  7:19  Overlord  
  107  7:29  Drone x5  
  108  7:36  Drone x8  
  116  7:37  Extractor  
  116  7:39  Zerg Melee Weapons Level 2  
  116  7:42  Zerg Ground Armor Level 2  
  115  7:55  Drone x4, Overlord  
  115  7:56  Infestation Pit  
  118  8:01  Drone x5  
  118  8:02  Extractor  
  122  8:08  Hydralisk x4  
  122  8:09  Zergling x4  
  122  8:10  Overlord  
  132  8:13  Baneling  
  132  8:17  Drone x2  
  131  8:30  Hydralisk x5  
  131  8:31  Zergling x2  
  131  8:32  Overlord  
  142  8:35  Overlord  
  142  8:41  Zergling x16  
  147  8:52  Hatchery  
  144  8:56  Queen  
  144  9:00  Hive  
  144  9:01  Muscular Augments, Drone x2, Overlord  
  140  9:12  Drone x2  
  140  9:15  Zergling x6, Baneling x2, Hydralisk x5  
  140  9:16  Zergling x8  
  159  9:19  Overlord  
  155  9:31  Drone  
  155  9:32  Drone x2  
  155  9:33  Drone x3  
  155  9:37  Spore Crawler  
  159  9:45  Spore Crawler  
  159  9:50  Baneling x14  
  158  9:56  Zerg Missile Weapons Level 1  
  156  10:01  Hydralisk  
  156  10:02  Zergling x18  
  164  10:08  Overlord  
  164  10:11  Drone x2  
  164  10:12  Drone x5  
  164  10:13  Grooved Spines  
  171  10:18  Zergling x14  
  177  10:21  Ultralisk Cavern  
  177  10:27  Overseer, Zergling x16  
  174  10:33  Overseer  
  174  10:35  Overlord x2  
  174  10:36  Drone x2  
  174  10:45  Viper  
  174  10:46  Viper  
  174  10:49  Zergling x24  
  185  10:54  Hatchery  
  184  11:01  Zergling x12  
  175  11:12  Zergling x18  
  177  11:18  Zergling x2  
  177  11:19  Zergling x10  
  177  11:20  Hatchery  
  177  11:21  Zergling x4  
  184  11:33  Zerg Melee Weapons Level 3, Chitinous Plating  
  184  11:35  Adrenal Glands, Overlord x2  
  184  11:36  Zergling x4  
  186  11:50  Zergling x2, Zerg Ground Armor Level 3  
  186  11:51  Zergling x14  
  191  11:58  Drone x3  
  191  11:59  Drone  
  195  12:05  Baneling x6  
  176  12:11  Zergling x18  
  178  12:20  Viper  
  178  12:23  Zergling x10  
  178  12:28  Queen  
  185  12:32  Drone x3  
  185  12:33  Zergling x10  
  193  12:47  Zergling x14  
  193  12:50  Baneling x7  
  188  13:03  Zergling x10  
  188  13:04  Zergling x12, Baneling x5  
  188  13:05  Baneling x4  
  154  13:20  Zergling x18  
  154  13:25  Viper x2  
  156  13:35  Zergling x16  
  156  13:36  Zergling x2, Ultralisk x2  
  165  13:50  Hatchery  
  165  13:51  Hydralisk  
  165  13:52  Zergling x2, Hydralisk x5  
  165  13:53  Zergling x8  
  165  13:55  Extractor  
  180  14:00  Drone x5  
  180  14:01  Drone x4  
  180  14:02  Drone x4  
  182  14:07  Drone x2  
  174  14:13  Drone x4, Baneling x8  
  178  14:22  Spore Crawler  
  177  14:24  Spine Crawler  
  177  14:25  Spore Crawler, Zergling x4  
  177  14:34  Anabolic Synthesis  
  177  14:37  Zergling x10  
  182  14:41  Extractor  
  182  14:44  Overlord  
  181  14:52  Baneling x12  
  181  14:55  Zergling x10  
  186  15:02  Zergling x12  
  184  15:10  Hydralisk x4  
  180  15:31  Zergling x24  
  185  15:38  Zergling x16  
  185  15:41  Overseer  
  185  15:44  Zergling x6  
  185  15:49  Overseer  
  176  15:51  Drone x2  
  174  15:58  Zergling x4  
  176  16:07  Overseer  
  176  16:08  Overlord  
  176  16:10  Zergling x8  
  176  16:22  Spawning Pool  
  176  16:24  Ultralisk x3  
  186  16:53  Hatchery  
  172  16:55  Ultralisk x4  
  172  16:56  Hydralisk  
  194  17:07  Drone x7  
  200  17:21  Hydralisk x5  
  193  17:26  Hatchery  
  193  17:28  Drone x3  
  191  17:37  Overseer  
  191  17:41  Overlord  
  191  17:48  Baneling Nest  
  178  18:11  Zergling x16, Ultralisk x2  
  185  18:21  Zergling x12  
  182  18:35  Ultralisk  
  182  18:38  Zergling x16  
  176  18:48  Zergling x4, Ultralisk  
  159  18:56  Baneling x5  
  135  19:21  Zergling x18  
  135  19:22  Zergling x2  
  138  19:35  Zergling x12  
  141  19:42  Hatchery  
  140  19:52  Hatchery  
  139  19:58  Drone x2  
  139  19:59  Zergling x12  
  146  20:07  Drone x3  
  146  20:11  Baneling x5  
  149  20:15  Baneling  
  149  20:16  Baneling x6  
  149  20:22  Baneling  
  149  20:24  Zergling x10  
  152  20:29  Baneling x14  
  152  20:31  Spore Crawler  
  151  20:37  Zergling x16  
  157  20:49  Zergling x16  
  126  21:00  Hydralisk x3  
  128  21:05  Drone x2  
  119  21:18  Hydralisk x2  
  119  21:19  Zergling x2  
  121  21:31  Zergling x10  
  125  22:00  Zergling x12  
  127  22:08  Zergling x6, Ultralisk x2  
  127  22:15  Drone x3  
  133  22:17  Baneling  
  133  22:20  Spore Crawler, Hydralisk  
  133  22:21  Zergling x2  
  135  22:23  Drone  
  136  22:36  Zergling x16  
  143  22:41  Zergling x4  
  137  22:52  Zergling x16  
  137  22:53  Zergling x2  
  136  22:58  Zergling x6  
  132  23:07  Baneling x3  
  132  23:08  Drone x3  
  133  23:15  Zergling x10  
  136  23:28  Zergling x12  
  136  23:29  Zergling x2  
  143  23:41  Zergling x14  
  144  23:43  Zergling x2  
  144  23:48  Zergling x4  
  143  23:56  Baneling  
  143  23:57  Baneling x3  
  143  24:02  Zergling x4  
  130  24:17  Zergling x18  
  118  24:34  Hatchery  
  111  24:43  Hydralisk x2  
  111  24:44  Zergling x2  
  96  25:00  Zergling x6  
  96  25:01  Zergling x8  
  100  25:07  Hydralisk  
  100  25:08  Zergling x2  
  93  25:28  Zergling x16  
  101  25:29  Baneling x2  
  101  25:30  Baneling  
  101  25:31  Baneling  
  100  25:40  Overseer  
  95  25:49  Zergling x8  
  88  25:50  Zergling x4  
  88  25:52  Baneling  
  88  26:02  Baneling x6  
  88  26:10  Zergling x8  
  91  26:16  Zergling x4  
  89  26:30  Zergling x10  
  87  26:43  Zergling x4  
  80  26:48  Baneling x2  
  76  26:58  Zergling x4  
  65  27:17  Zergling x8  
  65  27:26  Zergling x6  
  66  27:30  Zergling x2  
  64  27:44  Zergling x10  
  64  27:50  Zergling x4  
  64  27:55  Zergling x4  
  66  28:08  Baneling x3  
  66  28:09  Baneling x4  
  64  28:16  Zergling x6  
  67  28:33  Zergling x8  
  71  28:47  Zergling x10  
  75  28:57  Drone  
  75  28:58  Drone x2  
  75  28:59  Drone  
Show
View Real Time Build Order
Export as new Build Order

soul Terran 

Build Orders: Gas First Reaper Expand, Liberator Opening 

Get SALT Encoding   

  12  0:01  SCV  
  13  0:13  SCV  
  14  0:17  Supply Depot  
  14  0:25  SCV  
  14  0:27  Refinery  
  15  0:38  SCV  
  16  0:44  Barracks  
  16  0:50  SCV  
  17  1:02  SCV  
  18  1:14  SCV  
  19  1:31  Orbital Command, Reaper  
  20  1:42  Command Center  
  20  1:53  Factory  
  20  1:57  SCV  
  21  2:06  Barracks Reactor, Supply Depot  
  21  2:09  SCV  
  21  2:13  Refinery  
  22  2:21  SCV  
  23  2:34  SCV  
  24  2:41  Starport  
  24  2:46  SCV  
  24  2:48  Hellion x2  
  29  2:54  Orbital Command  
  29  2:57  Marine  
  29  2:58  SCV  
  31  3:04  Liberator  
  31  3:09  Hellion  
  31  3:10  SCV, Hellion  
  36  3:22  SCV  
  36  3:23  SCV  
  41  3:29  Supply Depot, Barracks Tech Lab  
  41  3:34  SCV  
  41  3:35  SCV  
  41  3:38  Hellion  
  45  3:46  SCV  
  46  3:51  SCV, Hellion  
  46  3:53  Supply Depot  
  49  3:58  SCV  
  50  4:03  SCV  
  50  4:04  Medivac  
  50  4:05  Armory  
  53  4:10  SCV  
  53  4:11  Armory  
  53  4:15  Hellion x2  
  53  4:16  Supply Depot  
  58  4:18  Stimpack  
  58  4:22  SCV x2  
  60  4:34  Command Center  
  60  4:36  SCV  
  61  4:39  SCV  
  62  4:45  Starport Reactor  
  62  4:48  SCV  
  62  4:51  Factory Tech Lab  
  63  4:53  SCV  
  64  5:00  Barracks, SCV  
  64  5:02  Barracks  
  64  5:05  SCV  
  64  5:07  Engineering Bay, Marine  
  66  5:08  Engineering Bay  
  66  5:14  SCV  
  65  5:21  SCV  
  56  5:28  SCV  
  56  5:30  Refinery x2  
  56  5:31  Siege Tank  
  56  5:32  Marine  
  56  5:34  SCV  
  53  5:37  Starport Reactor  
  53  5:40  Terran Infantry Weapons Level 1  
  53  5:43  SCV  
  53  5:44  Bunker  
  53  5:46  SCV, Orbital Command  
  53  5:47  Marine x2  
  57  5:50  Marine  
  57  5:55  Terran Infantry Armor Level 1, SCV  
  57  5:56  Marine  
  60  5:57  Combat Shield  
  60  5:58  Supply Depot x2  
  60  6:00  SCV  
  60  6:02  Marine  
  62  6:05  Marine x2  
  62  6:07  SCV, Marine  
  66  6:12  Orbital Command  
  66  6:14  Medivac, Marine  
  66  6:15  Medivac  
  66  6:18  SCV, Supply Depot x2  
  72  6:20  Marine  
  72  6:23  Marine x2  
  72  6:25  SCV, Marine  
  76  6:31  Barracks  
  76  6:32  Barracks, Marine  
  78  6:33  Factory Reactor  
  78  6:34  SCV  
  78  6:36  Factory  
  78  6:38  Marine  
  80  6:41  SCV x2, Marine x2  
  80  6:42  Liberator  
  80  6:43  Marine  
  80  6:46  Supply Depot  
  85  6:50  SCV, Marine  
  85  6:51  Supply Depot  
  87  6:56  SCV, Marine  
  87  6:58  Marine  
  87  6:59  Marine  
  87  7:00  Medivac  
  87  7:01  Marine  
  96  7:02  SCV  
  96  7:07  Marine  
  99  7:08  SCV x2  
  99  7:10  Supply Depot  
  99  7:13  Marine, Widow Mine  
  99  7:14  SCV  
  105  7:16  Marine x2  
  105  7:19  Marine  
  105  7:20  SCV  
  109  7:26  SCV, Marine  
  103  7:31  Medivac, Marine  
  103  7:33  Command Center  
  103  7:34  Barracks Reactor x2  
  106  7:38  Drilling Claws  
  106  7:42  Widow Mine x2  
  112  7:47  Marine x4  
  116  7:53  Refinery x2  
  116  7:54  Supply Depot, Marine  
  116  7:56  Supply Depot  
  117  8:01  Widow Mine  
  117  8:03  SCV, Terran Infantry Weapons Level 2  
  117  8:04  Terran Infantry Armor Level 2  
  118  8:10  Marine  
  118  8:11  Marine x6  
  124  8:20  Widow Mine  
  124  8:22  Marine x2  
  124  8:26  Medivac x2  
  132  8:28  Marine x2  
  132  8:29  Marine x4  
  132  8:31  Widow Mine  
  132  8:33  SCV, Supply Depot  
  141  8:34  SCV x2  
  141  8:36  Supply Depot, Marine  
  141  8:40  Marine x2  
  146  8:45  SCV  
  146  8:46  SCV x2, Marine  
  150  8:53  Barracks x2  
  150  8:55  Barracks  
  149  8:56  Medivac x2  
  145  9:10  Marine x9  
  145  9:15  Planetary Fortress  
  154  9:17  SCV x2  
  154  9:20  Widow Mine  
  154  9:22  Widow Mine  
  160  9:25  Widow Mine  
  160  9:28  Marine x6  
  168  9:32  Sensor Tower  
  168  9:35  Sensor Tower  
  168  9:41  Widow Mine  
  168  9:44  Barracks Tech Lab x3  
  170  9:49  Marauder, Marine  
  173  9:54  Marine  
  173  9:57  Command Center  
  171  10:06  Widow Mine x2  
  164  10:07  Terran Vehicle And Ship Armor Level 1  
  164  10:08  Medivac x2  
  164  10:11  Marauder  
  170  10:15  Refinery  
  170  10:17  Supply Depot  
  170  10:19  Widow Mine  
  172  10:28  Marauder x3, Marine  
  173  10:32  Marauder  
  173  10:33  Terran Infantry Weapons Level 3  
  173  10:35  Terran Infantry Armor Level 3  
  175  10:38  Medivac  
  172  10:46  Marine  
  172  10:48  Liberator  
  172  10:49  Marauder  
  175  10:50  Marauder x2  
  175  10:51  Liberator  
  175  10:53  Widow Mine  
  175  10:54  Marine  
  175  10:55  Starport x2  
  178  10:57  Fusion Core  
  180  11:18  Marauder, Marine  
  175  11:23  Widow Mine x2  
  167  11:31  SCV x2, Command Center  
  169  11:36  Starport Reactor, Starport Tech Lab  
  169  11:41  Liberator  
  169  11:48  Medivac, Marine  
  169  11:49  Marauder  
  169  11:50  Medivac  
  163  11:58  Advanced Ballistics  
  166  12:01  Liberator  
  166  12:02  Widow Mine x2  
  166  12:03  Planetary Fortress  
  166  12:08  Marine x11  
  177  12:10  Marine  
  177  12:11  Liberator x2  
  177  12:15  Widow Mine  
  176  12:26  Marauder  
  182  12:32  Command Center  
  182  12:34  Refinery  
  182  12:37  Widow Mine  
  182  12:38  Refinery  
  182  12:41  Medivac x2, Refinery  
  188  12:46  Marine  
  188  12:47  Marauder  
  191  12:53  Marine  
  191  12:54  Marauder  
  184  13:04  SCV x3  
  180  13:09  Marauder x2, Marine  
  180  13:10  Marine x3  
  177  13:14  Widow Mine  
  177  13:16  SCV x3, Marauder, Marine  
  177  13:18  Marauder  
  173  13:20  Marine  
  173  13:23  Liberator  
  173  13:24  Widow Mine x2  
  173  13:25  Marine  
  173  13:26  Marine  
  171  13:28  SCV x3  
  171  13:30  Marauder  
  176  13:35  Widow Mine  
  176  13:40  SCV x3  
  184  13:43  Marine  
  184  13:46  Widow Mine x2  
  186  13:51  Marauder, Marine  
  186  13:52  SCV x2, Marine  
  186  13:53  Marauder  
  192  13:57  SCV, Marine  
  194  14:07  Medivac  
  192  14:10  Medivac  
  192  14:11  Planetary Fortress  
  192  14:14  Marine  
  195  14:17  Command Center  
  195  14:24  Orbital Command  
  189  14:26  Medivac  
  180  14:35  Medivac x2  
  180  14:36  Neosteel Armor  
  182  14:39  Command Center  
  180  14:46  Ghost Academy, Marauder x4  
  188  14:53  Marine  
  188  14:54  Marine x3  
  188  14:57  Marine x2  
  189  15:13  Supply Depot x2  
  188  15:15  Orbital Command  
  183  15:29  Marauder  
  183  15:34  Marine x5  
  183  15:35  Marauder x3  
  173  15:48  Marine x2  
  164  15:50  Marauder  
  164  15:52  Medivac  
  164  15:56  Marauder x3, Marine  
  170  15:58  Orbital Command  
  168  16:11  Marauder  
  173  16:18  Widow Mine x3  
  173  16:25  Marauder, Marine  
  178  16:26  Marauder x2  
  178  16:28  Marine  
  178  16:30  Marine  
  179  16:33  Marauder  
  179  16:37  Marine  
  179  16:39  Marine  
  189  16:40  Widow Mine x3  
  189  16:41  Marine  
  171  16:55  Ghost x4  
  171  16:56  Marine  
  171  17:01  Widow Mine x3  
  173  17:06  Medivac x2  
  175  17:11  Medivac  
  177  17:17  Orbital Command  
  177  17:18  Marine  
  177  17:22  Widow Mine x3  
  176  17:24  Ghost x3, Marine  
  176  17:25  Marauder  
  183  17:34  SCV x3  
  184  17:44  Widow Mine x3  
  186  17:47  Supply Depot  
  186  17:52  Sensor Tower  
  186  17:55  Sensor Tower  
  186  17:58  SCV  
  186  18:03  SCV, Marine  
  186  18:06  SCV  
  186  18:09  Marauder x2, Widow Mine x2  
  186  18:35  SCV x2  
  186  18:37  Liberator x5  
  186  18:39  SCV x2  
  186  18:40  Marauder  
  186  18:43  Marine  
  186  18:46  Marauder, Marine x6  
  186  18:47  Marine x3  
  164  18:50  Planetary Fortress  
  164  18:51  SCV  
  178  18:57  Widow Mine x2  
  178  19:01  Marine x2  
  184  19:04  Marine x2  
  164  19:11  Marine  
  145  19:17  Marauder x3, Marine  
  145  19:19  Marauder  
  145  19:20  Liberator  
  125  19:26  Marine  
  122  19:35  Marine  
  122  19:37  Medivac x4  
  122  19:38  Marauder, Marine  
  130  19:39  Marauder x2  
  130  19:41  Marine  
  130  19:42  Marine  
  130  19:44  Marine  
  137  19:47  Orbital Command  
  137  19:50  SCV x2  
  139  19:53  SCV  
  140  20:03  SCV  
  140  20:07  SCV x2, Medivac x2  
  143  20:12  Medivac  
  147  20:16  Medivac  
  149  20:21  Medivac  
  147  20:37  Medivac  
  143  20:48  Marine  
  93  20:58  Marine  
  93  21:01  Marauder, Marine x6  
  93  21:02  Marauder x3  
  93  21:03  Liberator  
  104  21:06  Marine  
  104  21:07  Widow Mine x2  
  104  21:12  Orbital Command  
  104  21:13  Widow Mine  
  104  21:15  Marine  
  96  21:19  Marine x6  
  96  21:23  Marauder x4  
  96  21:24  Marine  
  113  21:33  SCV, Marine  
  113  21:37  Marine x6  
  121  21:42  Marine  
  121  21:44  Marauder x4  
  119  21:51  Marine  
  113  21:55  Marine x5  
  113  21:56  Marine  
  113  21:59  Marine  
  113  22:01  Orbital Command  
  114  22:06  Marauder x4  
  121  22:09  Marine  
  121  22:12  Marine  
  121  22:13  Marine x4  
  127  22:18  Marine  
  128  22:23  SCV x2  
  128  22:25  Marine  
  128  22:27  Marauder x4  
  139  22:40  Marine  
  140  22:48  Marauder x2  
  140  22:49  Marauder x2  
  143  22:53  Marine  
  143  22:56  Marine  
  113  23:10  Marauder x4  
  121  23:15  Marine  
  117  23:24  Marine  
  118  23:28  Marine  
  118  23:31  Marauder x4, Medivac x2  
  111  23:41  Marine  
  111  23:42  Marine  
  111  23:44  Marine  
  111  23:45  Orbital Command  
  114  23:52  Marauder, Marine  
  114  23:53  Marauder x3, Marine  
  124  23:57  Marine  
  123  24:04  Refinery x2  
  123  24:09  Medivac  
  122  24:14  Marauder x3  
  122  24:15  Marine x2  
  127  24:21  Marine  
  97  24:32  Medivac  
  97  24:38  Marine  
  97  24:43  Widow Mine  
  97  24:44  Marine, Widow Mine x2  
  100  24:54  Marine  
  100  24:56  Orbital Command  
  100  24:58  Marine x4  
  94  25:00  Marine  
  94  25:01  Marine x3  
  94  25:02  Marine  
  94  25:03  Marine  
  94  25:04  Marine, Widow Mine  
  96  25:09  Widow Mine x2  
  96  25:13  Marine  
  93  25:16  Marine x3  
  93  25:20  Marine x2  
  96  25:25  Widow Mine  
  96  25:26  Marine  
  99  25:29  Marine x2  
  99  25:33  Marine  
  102  25:41  Medivac  
  103  26:01  Medivac x3  
  101  26:07  Marauder, Marine  
  102  26:14  Marauder  
  102  26:17  Marine  
  92  26:21  Marine  
  92  26:23  Marine  
  81  26:41  Orbital Command  
  81  26:43  Marine  
  81  26:45  Marine  
  61  26:55  Marine  
  49  27:10  Marine  
  50  27:24  Marine  
  40  27:47  Marine  
  40  27:48  Marine  
  32  27:52  Marine  
  32  27:54  Orbital Command  
  33  28:02  Marine  
  34  28:25  Orbital Command  
  34  28:28  Marine  
Tags
 
Add a new tag
Caveats
  • Supply blocks, unpowered buildings, or Contaminate may cause inaccurate times.
  • Supply counts are checked every 10 seconds.